 Dungeon Crawl Stone Soup version 0.23-b1-3-gdda8187c6f (webtiles) character file.

Game seed: 678163898652711299

149961 Peloso the Peltast (level 16, -6/151 HPs)
             Began as a Minotaur Fighter on Feb 1, 2019.
             Was the Champion of Okawaru.
             Mangled by Frances
             ... wielding a +0 glaive
              (17 damage)
             ... on level 1 of the Shoals.
             The game lasted 01:39:20 (30843 turns).

Peloso the Peltast (Minotaur Fighter)              Turns: 30843, Time: 01:39:20

Health: -6/151     AC: 37    Str: 33    XL:     16   Next: 97%
Magic:  15/17      EV: 18    Int:  5    God:    Okawaru [******]
Gold:   3437       SH: 25    Dex: 20    Spells: 15/15 levels left

rFire    . . .     SeeInvis .   b - +4 scimitar (flame)
rCold    + . .     Gourm    .   c - +0 shield
rNeg     . . .     Faith    .   W - +9 plate armour of the Thirteen Emperors {rPois}
rPois    +         Spirit   .   I - +2 hat of Woal Ajau {+Blink rCorr Str+4}
rElec    .         Reflect  +   n - +0 cloak
rCorr    +         Harm     .   J - +1 pair of gloves {Dex+3}
MR       +....                  k - +1 pair of boots {Fly}
Stlth    ..........             D - +5 amulet of reflection
HPRegen  0.35/turn              V - ring "Ypigieri" {rC+ Str+3}
MPRegen  0.15/turn              R - +5 ring of dexterity

@: liquid flames, heroism, flying, mesmerised, glowing
A: retaliatory headbutt, horns 2
a: Heroism, Finesse, Renounce Religion, Evoke Blink, Stop Flying


You were on level 1 of the Shoals.
You worshipped Okawaru.
Okawaru was exalted by your worship.
You were full.

You visited 5 branches of the dungeon, and saw 25 of its levels.
You visited the Abyss 1 time.
You also visited: Gauntlet and Ice Cave.

You collected 3437 gold pieces.

Inventory:

Hand Weapons
 a - the +3 falchion "Xiodghot" {speed, Int+5 Stlth+}
   (You found it on level 11 of the Dungeon)

   Attacks with this weapon are significantly faster.
   It affects your intelligence (+5).
   It makes you more stealthy.
 b - a +4 scimitar of flaming (weapon)
 r - a +5 scimitar of holy wrath
Armour
 c - a +0 shield (worn)
 k - a +1 pair of boots of flying (worn)
 n - a +0 cloak (worn)
 w - the +6 plate armour "Vysau" {Str+4 Int+6}
   (Okawaru gifted it to you in a Gauntlet)

   It affects your strength (+4).
   It affects your intelligence (+6).
 I - the +2 hat of Woal Ajau (worn) {+Blink rCorr Str+4}
   (Okawaru gifted it to you on level 11 of the Dungeon)

   It affects your strength (+4).
   It lets you blink.
   It provides partial protection from all sources of acid and corrosion.
 J - a +1 pair of gloves of dexterity (worn)
 W - the +9 plate armour of the Thirteen Emperors (worn) {rPois}
   (You found it on level 4 of the Lair of Beasts)

   It protects you from poison.
Jewellery
 s - an uncursed ring of protection from magic
 D - a +5 amulet of reflection (around neck)
 G - the amulet of Zoc Jaod {Gourm rElec}
   (You found it in a Gauntlet)

   [amulet of the gourmand]

   It allows you to eat raw meat even when not hungry.
   It insulates you from electricity.
 R - a +5 ring of dexterity (right hand)
 V - the ring "Ypigieri" (left hand) {rC+ Str+3}
   (You found it on level 4 of the Lair of Beasts)

   [ring of protection from cold]

   It affects your strength (+3).
   It protects you from cold.
Wands
 e - a wand of paralysis (5)
 z - a wand of iceblast (5)
Scrolls
 i - 4 scrolls of magic mapping
 l - a scroll of identify
 p - 8 scrolls of teleportation
 q - 12 scrolls of remove curse
 t - 3 scrolls of amnesia {unknown}
 u - 7 scrolls of enchant weapon {unknown}
 v - 5 scrolls of enchant armour {unknown}
 y - 3 scrolls of random uselessness {unknown}
 B - 4 scrolls of fear {unknown}
 E - 6 scrolls of blinking {unknown}
 F - 2 scrolls of summoning
 K - 2 scrolls of fog
 O - a scroll of noise
Potions
 d - 2 potions of might
 h - 3 potions of heal wounds
 j - a potion of haste
 o - 10 potions of curing
 M - a potion of agility
 P - a potion of mutation
 Q - a potion of berserk rage
 U - a potion of resistance
Miscellaneous
 A - a sack of spiders
Comestibles
 f - 55 rations


   Skills:
 + Level 15.8(20.8) Fighting
 + Level 17.5(22.5) Long Blades
 + Level 14.7(19.7) Armour
 + Level 7.2(12.2) Dodging
 + Level 2.7(7.7) Stealth
 + Level 20.4(25.4) Shields
 + Level 3.7 Invocations
 + Level 1.2 Evocations


You had 15 spell levels left.
You didn't know any spells.
Your spell library contained the following spells:

 Spells                   Type           Power        Failure   Level  Hunger
 Beastly Appendage        Tmut           #.....       89%         1    ##.....
 Confusing Touch          Hex            #.....       89%         1    ##.....
 Corona                   Hex            #......      89%         1    ##.....
 Flame Tongue             Conj/Fire      #....        89%         1    ##.....
 Magic Dart               Conj           #...         89%         1    ##.....
 Blink                    Tloc           N/A          96%         2    ###....
 Call Imp                 Summ           #.......     96%         2    ###....
 Ensorcelled Hibernation  Hex/Ice        #.....       96%         2    ###....
 Searing Ray              Conj           #.....       96%         2    ###....
 Slow                     Hex            #.......     96%         2    ###....
 Sticks to Snakes         Tmut           #.......     96%         2    ###....
 Confuse                  Hex            #.......     99%         3    ####...
 Conjure Flame            Conj/Fire      #.......     99%         3    ####...
 Dazzling Spray           Conj/Hex       #.....       99%         3    ####...
 Gell's Gravitas          Tloc           #.........   99%         3    ####...
 Mephitic Cloud           Conj/Pois/Air  #.......     99%         3    ####...
 Spider Form              Tmut/Pois      #.........   99%         3    ####...
 Tukima's Dance           Hex            #.......     99%         3    ####...
 Cause Fear               Hex            #.........   100%        4    #####..
 Force Lance              Conj/Tloc      #.......     100%        4    #####..
 Fulminant Prism          Conj/Hex       #.........   100%        4    #####..
 Ice Form                 Ice/Tmut       #.......     100%        4    #####..
 Iskenderun's Mystic Bla  Conj           #.......     100%        4    #####..
 Leda's Liquefaction      Hex/Erth       #.........   100%        4    #####..
 Petrify                  Tmut/Erth      #.......     100%        4    #####..
 Blade Hands              Tmut           #.........   100%        5    ######.
 Bolt of Magma            Conj/Fire/Erth #.........   100%        5    ######.
 Metabolic Englaciation   Hex/Ice        #.........   100%        5    ######.
 Yara's Violent Unravell  Hex/Tmut       #.........   100%        5    ######.
 Bolt of Fire             Conj/Fire      #.........   100%        6    #######
 Iron Shot                Conj/Erth      #.........   100%        6    #######
 Statue Form              Tmut/Erth      #........    100%        6    #######
 Dragon Form              Tmut           #.........   100%        7    #######
 Dragon's Call            Summ           #.........   100%        9    #######
 Shatter                  Erth           #.........   100%        9    #######


Dungeon Overview and Level Annotations

Branches:
Dungeon (15/15)            Temple (1/1) D:4            Lair (6/6) D:9
 Shoals (1/4) Lair:2        Snake (0/4) Lair:3        Slime (0/5) Lair:5
    Orc (2/2) D:11            Elf (0/3) Orc:2        Vaults (0/5) D:13
 Depths (0/5) D:15

Altars:
Ashenzari
Cheibriados
Dithmenos
Elyvilon
Fedhas
Gozag
Hepliaklqana
Kikubaaqudgha
Makhleb
Nemelex Xobeh
Okawaru
Qazlal
Ru
Sif Muna
Trog
Uskayaw
Vehumet
Wu Jian
Xom
Yredelemnul
Zin
The Shining One
Jiyva

Shops:
D:7 [   Orc:2 *[(

Annotations:
Shoals:1 exclusion: orange crystal statue, Frances


Innate Abilities, Weirdness & Mutations

You reflexively headbutt those who attack you in melee.
You have a pair of horns on your head.


Message History

The merfolk siren chants its luring song.
You block the smoke demon's attack. The smoke demon completely misses you.
You block the smoke demon's attack.
The merfolk siren chants its luring song.
You block the merfolk siren's attack.
You hit the wind drake. You burn the wind drake.
The wind drake is severely wounded.
You are covered in liquid flames!
* * * LOW HITPOINT WARNING * * *
The wind drake flaps its wings at you.
The air twists around and violently strikes you in flight!
* * * LOW HITPOINT WARNING * * *
You block the sea snake's attack. x2
The merfolk javelineer throws a javelin.
You reflect the javelin off an invisible shield around you!
The javelin hits the merfolk javelineer!!
The merfolk javelineer dies!
You hear a splash. x4
Frances hits you from afar with a +0 glaive!
You die...

≈≈≈........(.P.%.....
≈≈≈≈≈≈....H...P..mS.....
≈≈(≈≈≈≈.............).(.
≈≈P)≈≈≈≈≈....m..k..).m..
P≈P≈≈≈≈≈≈mm........H(.m.
≈≈≈≈≈≈≈4≈.m........(....
≈≈≈≈≈≈(@cm4....).())...≈
P≈≈≈≈≈≈SSmm......(.....≈
P≈≈≈≈≈3@kmm.....()....≈.
≈≈≈≈≈≈≈≈.....(.(..≈≈≈≈≈.
≈≈≈≈≈≈≈≈≈..####(..≈≈≈≈..
P≈≈≈≈≈≈≈≈≈....##..≈≈≈..#
≈≈≈≈≈≈≈≈≈≈≈≈≈.##..≈≈≈..#
P≈≈≈≈≈≈≈≈≈≈≈≈.....≈≈≈≈.#
##.≈≈≈≈≈≈≈≈≈≈≈≈.≈≈≈≈≈≈≈.
#P≈≈≈≈≈≈≈≈≈≈≈≈≈≈≈≈≈≈≈≈≈
..≈P≈≈≈≈≈≈≈≈≈≈≈≈≈≈≈≈≈≈≈


You could see Frances, a merfolk avatar, a merfolk javelineer, 2 sea snakes, a
wind drake, 3 merfolk, 2 orange demons, a faun, a manticore, 4 merfolk sirens
and a smoke demon.

Vanquished Creatures
  Gastronok (D:9)
  Kirke (Lair:6)
  A fire giant (D:11)
  A daeva (Abyss:3)
  A frost giant (IceCv)
  An orc warlord (Orc:1)
  The ghost of Bitard the Severer, a journeyman MiBe of Trog (D:15)
  The ghost of Bananafolds the Warrior, a journeyman MfSk of Makhleb (Lair:4)
  The ghost of Kuerar the Basher, a journeyman BaFi of Cheibriados (Lair:4)
  The ghost of Kuerar the Basher, a journeyman BaFi of Cheibriados (Lair:4)
  An ophan (Abyss:3)
  Nessos (D:12)
  The ghost of Thargor the Fighter, a journeyman DsBe of Trog (D:15)
  A minotaur (Gauntlet)
  2 ettins (D:11)
  3 fire dragons (D:15)
  The ghost of Zaegoraum the Carver, a journeyman DsAK of Lugonu (Lair:4)
  An ogre mage (D:11)
  Fannar (Lair:1)
  9 hydras
  Erica (Lair:1)
  A catoblepas (Lair:6)
  2 merfolk avatars
  4 centaur warriors
  2 death knights
  A merfolk aquamancer (Shoals:1)
  4 two-headed ogres
  19 death yaks
  Urug (D:10)
  A thrashing horror (Abyss:3)
  Sonja (Orc:2)
  4 orc high priests (Orc:2)
  A sun demon (Abyss:3)
  2 wretched stars
  2 sixfirhies (Abyss:3)
  4 large abominations (Abyss:3)
  An unseen horror (D:15)
  2 sea snakes
  A spatial maelstrom (Abyss:3)
  7 starcursed masses (Abyss:3)
  4 deep elf magi
  Pikel (D:7)
  A necromancer (Gauntlet)
  5 harpies
  4 orc knights
  2 fauns (Shoals:1)
  3 ugly things
  5 orc sorcerers
  7 manticores
  19 cyclopes
  7 black mambas
  14 elephants
  2 merfolk sirens (Shoals:1)
  A guardian serpent (shapeshifter) (Abyss:3)
  2 torpor snails (Lair:3)
  A smoke demon (Abyss:3)
  4 gargoyles
  An ice statue (IceCv)
  13 spiny frogs
  9 rime drakes
  2 freezing wraiths (D:14)
  10 komodo dragons
  5 kobold demonologists
  An ancient zyme (Abyss:3)
  A hellwing (Abyss:3)
  A merfolk (Shoals:1)
  6 trolls
  15 polar bears
  A hornet (Lair:5)
  3 meliai (D:15)
  5 dream sheep (Lair:5)
  A raiju (Abyss:3)
  4 blink frogs (Lair:2)
  14 slime creatures
  13 hippogriffs
  8 flying skulls (Gauntlet)
  A spriggan (D:7)
  3 wyverns
  54 yaks
  2 ynoxinuls (Abyss:3)
  3 water elementals (Shoals:1)
  2 shadows
  4 wraiths
  Grum (Lair:1)
  A vampire (D:14)
  4 fire bats (Lair:4)
  2 hogs (Lair:5)
  A basilisk (Lair:2)
  A neqoxec (Abyss:2)
  A steam dragon (D:14)
  A fire elemental (Lair:4)
  3 vampire mosquitoes (D:12)
  4 wargs
  2 acid dragons
  2 spatial vortices (Abyss:3)
  2 soldier ants (D:14)
  Edmund (D:4)
  5 porcupines
  16 water moccasins
  Duvessa (D:6)
  40 orc warriors
  2 sky beasts (D:11)
  2 black bears
  2 eyes of draining (D:11)
  5 ice beasts
  3 small abominations (Abyss:3)
  13 ogres
  3 phantoms
  2 necrophages
  26 wolves
  8 crocodiles
  10 centaurs
  5 big kobolds
  16 bullfrogs
  A merfolk simulacrum (Abyss:3)
  Dowan (D:6)
  6 scorpions
  A wyvern skeleton (D:14)
  11 killer bees
  5 wights (D:9)
  2 electric eels (Lair:4)
  2 lava snakes
  5 crimson imps
  A bullfrog zombie (D:7)
  7 howler monkeys
  2 centaur zombies
  2 jellies
  2 quasits
  3 bullfrog skeletons
  6 centaur skeletons
  28 orc priests
  A gnoll shaman (D:7)
  8 hounds
  30 orc wizards
  Ijyb (D:3)
  Terence (D:3)
  4 iguanas
  9 worker ants
  4 hell rats (Lair:6)
  A hound zombie (D:6)
  2 hound skeletons
  A worker ant zombie (D:6)
  Robin (D:2)
  2 river rats (Lair:6)
  14 adders
  8 gnolls
  3 shadow imps
  An adder zombie (D:6)
  2 worms
  A dart slug (D:1)
  5 leopard geckos
  91 orcs
  6 giant cockroaches
  17 goblins
  A hobgoblin (D:2)
  13 jackals
  3 quokkas
  3 ball pythons
  7 bats
  3 frilled lizards
  15 kobolds
  A leopard gecko skeleton (D:8)
  16 rats
  A fire vortex (Lair:4)
  4 plants
906 creatures vanquished.

Vanquished Creatures (others)
  A merfolk javelineer (Shoals:1)
  3 humans (Lair:6)
  A wolf (D:11)
  4 orc wizards
  A fire vortex (Lair:4)
  3 fungi (Lair:6)
  11 plants (Lair:6)
  2 withered plants (Lair:4)
26 creatures vanquished.

Grand Total: 932 creatures vanquished

Notes
Turn   | Place    | Note
-------+----------+-------------------------------------------
     0 | D:1      | Peloso the Minotaur Fighter began the quest for the Orb.
     0 | D:1      | Reached XP level 1. HP: 19/19 MP: 0/0
    34 | D:1      | Reached XP level 2. HP: 20/27 MP: 1/1
    86 | D:1      | Reached skill level 4 in Shields
   228 | D:1      | Reached XP level 3. HP: 27/33 MP: 2/2
   745 | D:2      | Noticed Robin
  1036 | D:2      | Killed Robin
  1036 | D:2      | Reached XP level 4. HP: 41/41 MP: 3/3
  1304 | D:3      | Noticed a phantom
  1344 | D:3      | Killed a phantom
  1344 | D:3      | Reached skill level 1 in Dodging
  1344 | D:3      | Reached XP level 5. HP: 33/47 MP: 4/4
  1504 | D:3      | Reached skill level 5 in Armour
  1588 | D:3      | Noticed Ijyb
  1606 | D:3      | Reached skill level 5 in Shields
  1609 | D:3      | Killed Ijyb
  1751 | D:3      | Noticed Terence
  1761 | D:3      | Killed Terence
  1761 | D:3      | Reached XP level 6. HP: 53/55 MP: 5/5
  2144 | D:4      | Reached skill level 5 in Fighting
  2167 | D:4      | Got a distressingly furry chain mail
  2178 | D:4      | Identified the +7 chain mail "Mion" {Int+2} (You found it
                  | on level 4 of the Dungeon)
  2246 | D:4      | Noticed Edmund
  2263 | D:4      | Killed Edmund
  2263 | D:4      | Reached skill level 5 in Long Blades
  2263 | D:4      | Reached skill level 6 in Shields
  2263 | D:4      | Reached XP level 7. HP: 56/61 MP: 6/6
  2654 | D:4      | Found a staircase to the Ecumenical Temple.
  2659 | Temple   | Entered the Ecumenical Temple
  2745 | Temple   | Became a worshipper of Warmaster Okawaru
  2906 | D:5      | Entered Level 5 of the Dungeon
  3155 | D:5      | Reached XP level 8. HP: 69/69 MP: 7/7
  3742 | D:6      | Noticed Duvessa
  3742 | D:6      | Noticed Dowan
  3753 | D:6      | Killed Duvessa
  3753 | D:6      | Reached skill level 7 in Shields
  3778 | D:6      | Killed Dowan
  4105 | D:6      | Found a shadowy altar of Dithmenos.
  4105 | D:6      | Found a blossoming altar of Fedhas.
  4424 | D:7      | Reached * piety under Okawaru
  4477 | D:7      | Found Cocip's Antique Armour Emporium.
  4597 | D:7      | Noticed Pikel
  4619 | D:7      | Killed Pikel
  4619 | D:7      | Reached skill level 8 in Shields
  4619 | D:7      | Reached XP level 9. HP: 78/78 MP: 8/8
  4706 | D:7      | Reached ** piety under Okawaru
  5271 | D:8      | Found a snail-covered altar of Cheibriados.
  5273 | D:8      | Found a sparkling altar of Nemelex Xobeh.
  5398 | D:8      | Found a white marble altar of Elyvilon.
  5745 | D:8      | Reached skill level 9 in Shields
  5936 | D:8      | Reached skill level 10 in Long Blades
  6730 | D:8      | Found a burning altar of Makhleb.
  6735 | D:8      | Reached XP level 10. HP: 86/86 MP: 9/9
  6860 | D:8      | Reached *** piety under Okawaru
  7026 | D:9      | Noticed Gastronok
  7054 | D:9      | Killed Gastronok
  7054 | D:9      | Reached **** piety under Okawaru
  7054 | D:9      | Received a gift from Okawaru
  7054 | D:9      | Reached ***** piety under Okawaru
  7054 | D:9      | Reached skill level 10 in Shields
  7384 | D:9      | Noticed a cyan ugly thing
  7401 | D:9      | Killed a cyan ugly thing
  7401 | D:9      | Reached skill level 1 in Invocations
  7628 | D:9      | Noticed a death yak
  7636 | D:9      | Noticed a death yak
  7638 | D:9      | Killed a death yak
  7640 | D:9      | Noticed a death yak
  7640 | D:9      | Noticed a death yak
  7641 | D:9      | Noticed a death yak
  7645 | D:9      | Noticed a death yak
  7663 | D:9      | Killed a death yak
  7663 | D:9      | Reached XP level 11. HP: 38/95 MP: 7/10
  7675 | D:9      | Killed a death yak
  7740 | D:8      | Killed a death yak
  8092 | D:9      | Killed a death yak
  8092 | D:9      | Reached skill level 11 in Shields
  8107 | D:9      | Killed a death yak
  8107 | D:9      | Reached ****** piety under Okawaru
  8168 | D:9      | Found a staircase to the Lair.
  8300 | D:9      | Found a shattered altar of Ashenzari.
  8509 | D:10     | Entered Level 10 of the Dungeon
  8957 | D:10     | Noticed Urug
  8970 | D:10     | Killed Urug
  8970 | D:10     | Reached skill level 10 in Armour
  8995 | D:10     | Reached skill level 10 in Fighting
  9022 | D:10     | Reached skill level 5 in Dodging
  9206 | D:11     | Found a staircase to the Orcish Mines.
  9403 | D:11     | Reached XP level 12. HP: 106/106 MP: 12/12
  9467 | D:11     | Reached skill level 12 in Shields
  9738 | D:11     | Received a gift from Okawaru
  9741 | D:11     | Got a slimy hat {god gift}
  9747 | D:11     | Identified the +2 hat of Woal Ajau {+Blink rCorr Str+4}
                  | (Okawaru gifted it to you on level 11 of the Dungeon)
 10128 | D:11     | Reached skill level 1 in Stealth
 10363 | D:11     | Noticed an ogre mage
 10380 | D:11     | Paralysed by an ogre mage for 7 turns
 10389 | D:11     | Killed an ogre mage
 10670 | D:11     | Identified the cursed +2 demon blade "Jokheir" {slice,
                  | SInv}
 10671 | D:11     | Identified the +7 morningstar of Infinite Pain {flame, MR+}
 10674 | D:11     | Noticed an ettin
 10674 | D:11     | Noticed an ettin
 10676 | D:11     | Noticed a fire giant
 10688 | D:11     | Killed an ettin
 10688 | D:11     | Reached skill level 13 in Shields
 10692 | D:11     | Killed a fire giant
 10692 | D:11     | Received a gift from Okawaru
 10695 | D:11     | Killed an ettin
 11033 | D:11     | Got a bone great sword {god gift}
 11113 | D:11     | Got a warped falchion
 11114 | D:11     | Identified the cursed +3 falchion "Xiodghot" {speed, Int+5
                  | Stlth+} (You found it on level 11 of the Dungeon)
 11117 | D:11     | Got a slimy hand axe
 11123 | D:11     | Identified the +6 hand axe "Xoni" {drain, *Drain rPois
                  | Dex+3} (You found it on level 11 of the Dungeon)
 11126 | D:11     | Got a fine whip
 11127 | D:11     | Identified the +9 whip "Noibb" {slash, +Rage rElec Dex+4}
                  | (You found it on level 11 of the Dungeon)
 11133 | D:11     | Got a slimy rapier
 11134 | D:11     | Identified the cursed +3 rapier "Zuawuus" {pierce, rElec
                  | MR- Int+10 Dex+2} (You found it on level 11 of the Dungeon)
 11202 | D:11     | Reached XP level 13. HP: 117/117 MP: 13/13
 11428 | D:12     | Noticed Nessos
 11479 | D:12     | Killed Nessos
 11870 | D:11     | Received a gift from Okawaru
 12645 | Lair:1   | Entered Level 1 of the Lair of Beasts
 12794 | Lair:1   | Noticed Erica
 12812 | Lair:1   | Reached skill level 14 in Shields
 12848 | Lair:1   | Killed Erica
 13014 | Lair:1   | Noticed Fannar
 13036 | Lair:1   | Killed Fannar
 13036 | Lair:1   | Received a gift from Okawaru
 13036 | Lair:1   | Reached skill level 15 in Long Blades
 13186 | Lair:1   | Noticed Grum
 13196 | Lair:1   | Killed Grum
 13603 | Lair:1   | Identified the +2 great sword of Dissent {freeze, *Noise
                  | +Fly Int+4 Stlth+} (Okawaru gifted it to you on level 11 of
                  | the Dungeon)
 14022 | Lair:2   | Found a frozen archway.
 14187 | IceCv    | Entered an ice cave
 14470 | IceCv    | Reached skill level 15 in Shields
 14479 | IceCv    | Received a gift from Okawaru
 14785 | IceCv    | Noticed a frost giant
 14796 | IceCv    | Reached XP level 14. HP: 112/127 MP: 12/15
 14809 | IceCv    | Killed a frost giant
 14834 | IceCv    | Got a vibrating steel ring
 14836 | IceCv    | Identified the ring of Xom's Reproof {Ice Int+5} (You found
                  | it in an ice cave)
 15444 | Lair:2   | Found a staircase to the Shoals.
 15833 | Lair:3   | Found a gate leading to a gauntlet.
 15849 | Gauntlet | Entered a Gauntlet
 15849 | Gauntlet | Found a transporter.
 15852 | Gauntlet | Found a transporter.
 15861 | Gauntlet | Found a transporter.
 15862 | Gauntlet | Found a transporter.
 15870 | Gauntlet | Found a transporter.
 15870 | Gauntlet | Found a transporter.
 15872 | Gauntlet | Found a transporter.
 15879 | Gauntlet | Found a transporter.
 15942 | Gauntlet | Found a transporter.
 15954 | Gauntlet | Found a transporter.
 15958 | Gauntlet | Found a transporter.
 15970 | Gauntlet | Found a transporter.
 16278 | Gauntlet | Received a gift from Okawaru
 16307 | Gauntlet | Got an ancient plate armour {god gift}
 16319 | Gauntlet | Identified the +6 plate armour "Vysau" {Str+4 Int+6}
                  | (Okawaru gifted it to you in a Gauntlet)
 16555 | Gauntlet | Got a transparent bone amulet
 16556 | Gauntlet | Identified the amulet of Zoc Jaod {Gourm rElec} (You found
                  | it in a Gauntlet)
 17060 | Lair:3   | Reached skill level 16 in Shields
 17237 | Lair:3   | You are sucked into a shaft for 3 floors!
 17237 | Lair:6   | Entered Level 6 of the Lair of Beasts
 17261 | Lair:6   | Noticed Kirke
 17578 | Lair:6   | Noticed a sphinx
 17583 | Lair:6   | Killed Kirke
 17605 | Lair:6   | Received a gift from Okawaru
 17629 | Lair:6   | Received a gift from Okawaru
 18593 | Lair:5   | Reached skill level 17 in Shields
 18652 | Lair:5   | Reached XP level 15. HP: 125/138 MP: 16/16
 18896 | Lair:6   | Received a gift from Okawaru
 20160 | Lair:5   | Found a viscous altar of Jiyva.
 20161 | Lair:5   | Found a staircase to the Slime Pits.
 20912 | Lair:4   | Found a runed translucent gate.
 20912 | Lair:4   | Found a runed translucent gate.
 20912 | Lair:4   | Found a runed translucent gate.
 20912 | Lair:4   | Noticed Zaegoraum's ghost (journeyman DsAK)
 20926 | Lair:4   | Noticed Kuerar's ghost (journeyman BaFi)
 20926 | Lair:4   | Noticed Bananafolds's ghost (journeyman MfSk)
 20926 | Lair:4   | Noticed Kuerar's ghost (journeyman BaFi)
 21233 | Lair:4   | Killed Bananafolds's ghost
 21240 | Lair:4   | Killed Kuerar's ghost
 21252 | Lair:4   | Killed Zaegoraum's ghost
 21257 | Lair:4   | Killed Kuerar's ghost
 21274 | Lair:4   | Got a sparkling jade ring
 21293 | Lair:4   | Got a slimy plate armour
 21307 | Lair:4   | Identified the +9 plate armour of the Thirteen Emperors
                  | {rPois} (You found it on level 4 of the Lair of Beasts)
 21319 | Lair:4   | Identified the ring "Ypigieri" {rC+ Str+3} (You found it on
                  | level 4 of the Lair of Beasts)
 21405 | Lair:3   | Found a staircase to the Snake Pit.
 22591 | Orc:1    | Entered Level 1 of the Orcish Mines
 22749 | Orc:2    | Entered Level 2 of the Orcish Mines
 22851 | Orc:2    | Noticed Sonja
 22860 | Orc:2    | Cast into level 2 of the Abyss (Sonja)
 22860 | Abyss:2  | Found a corrupted altar of Lugonu.
 22868 | Abyss:2  | Got a polished triple sword
 22941 | Abyss:2  | Found a corrupted altar of Lugonu.
 22993 | Abyss:2  | Found a viscous altar of Jiyva.
 23124 | Abyss:3  | Reached skill level 18 in Shields
 23143 | Abyss:3  | Found a shimmering altar of Xom.
 23207 | Abyss:3  | Found a bloodstained altar of Trog.
 23322 | Abyss:3  | Noticed a daeva
 23331 | Abyss:3  | Killed a daeva
 23331 | Abyss:3  | Received a gift from Okawaru
 23343 | Abyss:3  | Got a fine quick blade {god gift}
 23414 | Abyss:3  | Reached skill level 15 in Fighting
 23528 | Orc:2    | Escaped the Abyss
 23749 | Orc:2    | Found a staircase to the Elven Halls.
 23885 | Orc:2    | Noticed an orc warlord
 24166 | Orc:2    | Killed Sonja
 24604 | Orc:2    | Reached XP level 16. HP: 100/149 MP: 17/17
 24701 | Orc:2    | Received a gift from Okawaru
 25487 | Orc:2    | Found Buall's Antique Armour Shop.
 25488 | Orc:2    | Found Xakhlomn's Antique Weapon Shop.
 25489 | Orc:2    | Found Peus's General Store.
 25489 | Orc:2    | Found Jyask's Book Boutique.
 26271 | D:13     | Found a gate to the Vaults.
 26296 | D:13     | Reached skill level 19 in Shields
 26544 | D:13     | Got a translucent great sword
 28395 | D:14     | Received a gift from Okawaru
 28833 | D:15     | Entered Level 15 of the Dungeon
 29529 | D:15     | Found a runed translucent gate.
 29529 | D:15     | Found a runed translucent gate.
 29529 | D:15     | Noticed Bitard's ghost (journeyman MiBe)
 29530 | D:15     | Found a runed translucent gate.
 29530 | D:15     | Noticed Thargor's ghost (journeyman DsBe)
 29570 | D:15     | Reached skill level 20 in Shields
 29571 | D:15     | Found a staircase to the Depths.
 29872 | D:15     | Killed Bitard's ghost
 29893 | D:15     | Killed Thargor's ghost
 30221 | Lair:1   | Identified the +0 quick blade of Bloodstone {pain, rF+
                  | Str+2 Int+3} (Okawaru gifted it to you on level 3 of the
                  | Abyss)
 30229 | Lair:1   | Identified the cursed +0 triple sword "Hellblazer" {slice,
                  | Int+5} (You found it on level 2 of the Abyss)
 30233 | Lair:1   | Identified the +5 great sword of the Ass {freeze, rElec
                  | SInv} (You found it on level 13 of the Dungeon)
 30409 | Shoals:1 | Entered Level 1 of the Shoals
 30476 | Shoals:1 | Reached skill level 1 in Evocations
 30492 | Shoals:1 | HP: 7/151 [merfolk impaler/+2 demon trident of venom[an
                  | orange crystal statue] (10)]
 30493 | Shoals:1 | HP: 1/151 [merfolk/+0 spear[an orange crystal statue] (14)]
 30495 | Shoals:1 | Noticed Frances
 30504 | Shoals:1 | HP: 7/151 [harpy (3)]
 30843 | Shoals:1 | Mangled by Frances

Skill      XL: |  1  2  3  4  5  6  7  8  9 10 11 12 13 14 15 16 |
---------------+-------------------------------------------------+-----
Armour         | 4 5 6 7 8 9 10 11 13 14 | 14.7
Fighting       | 4 5 6 7 8 10 11 12 14 15 | 15.8
Shields        | 4 5 6 8 9 10 11 13 15 17 18 20 | 20.4
Long Blades    | 3 4 5 6 8 10 12 13 14 15 16 17 | 17.5
Dodging        | 1 3 4 5 6 7 |  7.2
Invocations    | 1 2 3 |  3.7
Stealth        | 1 2 |  2.7
Evocations     | 1 |  1.2

Action                   |  1- 3 |  4- 6 |  7- 9 | 10-12 | 13-15 | 16-18 || total
-------------------------+-------+-------+-------+-------+-------+-------++-------
Melee: Long sword        |    95 |   160 |   399 |   574 |       |       ||  1228
       Headbutt          |    12 |    29 |   101 |   183 |   456 |   313 ||  1094
       Falchion          |       |       |       |     3 |   364 |   629 ||   996
       Scimitar          |       |       |       |       |  1047 |   213 ||  1260
Invok: Heroism           |       |       |     2 |    14 |     8 |     8 ||    32
Evoke: Wand              |       |       |       |       |    12 |     7 ||    19
  Use: Scroll            |       |       |     5 |     9 |    16 |     8 ||    38
       Potion            |       |       |       |     3 |     3 |     6 ||    12
 Stab: Petrified         |       |       |       |       |     2 |       ||     2
       Paralysed         |       |       |       |       |     1 |       ||     1
  Eat: Chunk             |       |     4 |    13 |    13 |    49 |    17 ||    96
       Ration            |       |       |     1 |       |     1 |       ||     2
Armor: Scale mail        |    78 |    77 |       |       |       |       ||   155
       Chain mail        |       |     3 |   200 |   175 |   243 |       ||   621
       Plate armour      |       |       |       |       |   437 |   281 ||   718
Dodge: Dodged            |    45 |    52 |   142 |   129 |   522 |   196 ||  1086
Block: Shield            |    80 |   102 |   264 |   273 |  1081 |   664 ||  2464
       Reflection        |       |       |       |       |       |    17 ||    17
       Rpst.: Long sword |    12 |    20 |    41 |    34 |       |       ||   107
       Scimitar          |       |       |       |       |    88 |    17 ||   105
       Falchion          |       |       |       |       |    24 |    22 ||    46
